 Dungeon Crawl Stone Soup version 0.27.1-1-g398f81649c (webtiles) character file.

Game seed: 4382508591229607236

74 ZARRMARR the Sneak (level 4, -1/31 HPs)
             Began as an Octopode Monk on Sept 9, 2021.
             Slain by a gnoll (5 damage)
             ... on level 2 of the Dungeon.
             The game lasted 00:03:52 (1844 turns).

ZARRMARR the Sneak (Octopode Monk)                  Turns: 1844, Time: 00:03:53

Health: -1/31      AC:  1    Str: 10    XL:     4   Next: 30%
Magic:  4/4        EV: 14    Int: 13    God:
Gold:   46         SH:  0    Dex: 14    Spells: 3/3 levels left

rFire    . . .     SeeInvis .   a - +0 short sword
rCold    . . .     Faith    .   (no shield)
rNeg     . . .     Spirit   .   (helmet restricted)
rPois    .         Reflect  .   (no amulet)
rElec    .         Harm     .   (no ring)
rCorr    .         Rampage  .   (no ring)
Will     .....                  (no ring)
Stlth    +++.......             (no ring)
HPRegen  0.10/turn              (no ring)
MPRegen  0.09/turn              (no ring)
                                (no ring)
                                (no ring)

@: attractive, studying Invocations
A: almost no armour, amphibious, 8 rings, camouflage 1, gelatinous body 1,
(nimble swimmer 1), tentacles
a: no special abilities


You were on level 2 of the Dungeon.
You visited 1 branch of the dungeon, and saw 2 of its levels.

You collected 46 gold pieces.

Inventory:

Hand Weapons
 a - a +0 short sword (weapon)
Potions
 c - a potion of cancellation {unknown}
 d - a potion of curing {unknown}


   Skills:
 + Level 3.5 Fighting
 * Level 3.6 Short Blades
 + Level 3.5 Dodging
 + Level 3.8 Stealth


You had 3 spell levels left.
You didn't know any spells.
Your spell library was empty.

Dungeon Overview and Level Annotations

Branches:
Dungeon (2/15)

Altars:


Innate Abilities, Weirdness & Mutations

You cannot wear most types of armour.
You are amphibious.
You can wear up to eight rings at the same time.
Your skin changes colour to match your surroundings (Stealth+).
Your rubbery body absorbs attacks. (AC +1, EV +1)
((You are camouflaged near water. (Stealth+)))
You have tentacles for arms and can constrict up to eight enemies at once.


Message History

The gnoll hits you from afar with a +0 spear.
The gnoll closely misses you.
The gnoll shouts!
You hit the gnoll. You grab the gnoll.
The gnoll is moderately wounded.
You constrict the gnoll. The gnoll completely misses you.
You hit the gnoll but do no damage.
The gnoll is moderately wounded.
You constrict the gnoll. The gnoll hits you with a +0 spear!
The gnoll closely misses you.
You hit the gnoll.
You squeeze the gnoll, but do no damage.
The gnoll is almost dead.
You constrict the gnoll.
You kill the gnoll!
The gnoll hits you with a +0 whip.
You are too injured to fight recklessly!
You are too injured to fight recklessly!
You are too injured to fight recklessly!
You are too injured to fight recklessly!
You are too injured to fight recklessly!
You are too injured to fight recklessly!
You are too injured to fight recklessly!
You are too injured to fight recklessly!
You are too injured to fight recklessly!
Unknown command.
The hobgoblin closely misses you. The hobgoblin barely misses you.
The gnoll hits you with a +0 flail!
* * * LOW HITPOINT WARNING * * *
It was a potion of attraction.
You feel attractive to monsters. The gnoll barely misses you.
You hit the gnoll. Your grab misses the gnoll. Your squeeze misses the gnoll.
The gnoll is moderately wounded.
The gnoll closely misses you.
You hit the gnoll. Your grab misses the gnoll. Your squeeze misses the gnoll.
The gnoll is moderately wounded.
The gnoll hits you with a +0 flail.
You die...

####!.####.g ####..#.# #.....#
#.......#..# ....###.# ###
#>..### ### #.## #...... #..#
#.#.##. ## ##g# ##.#.### .# #g#
#..#.#.. .# #g# #.##...# .## #@#
####....# ..############
#.######.†..##.#
.............###.##.....##.##.###
.###########........####.........
...# ###...##..............
.#.#### ##.#.#######.........
##..†.#######..#.# #.........
#....†.......##.# ##.#######
#......†...####.# #.#


You could see 2 gnolls and a hobgoblin.

Vanquished Creatures
  A gnoll (D:2)
  2 adders (D:2)
  2 endoplasms
  3 giant cockroaches
  2 goblins (D:1)
  6 hobgoblins
  7 jackals (D:1)
  5 kobolds
  2 quokkas (D:1)
  2 ball pythons (D:1)
  6 bats
  2 frilled lizards (D:1)
  5 rats
45 creatures vanquished.

Notes
Turn   | Place    | Note
-------+----------+-------------------------------------------
     0 | D:1      | ZARRMARR the Octopode Monk began the quest for the Orb.
     0 | D:1      | Reached XP level 1. HP: 16/16 MP: 1/1
   293 | D:1      | Reached XP level 2. HP: 16/21 MP: 2/2
   617 | D:1      | Reached XP level 3. HP: 18/26 MP: 3/3
  1663 | D:1      | Identified a scroll of acquirement
  1663 | D:1      | Acquired a manual of Invocations
  1738 | D:2      | Reached XP level 4. HP: 27/31 MP: 4/4
  1844 | D:2      | Slain by a gnoll

Illustrated notes

Levels and vault maps discovered:
D:1:      dpeg_arrival_houses_and_road, layout_basic
D:2:      layout_rooms

Skill      XL: |  1 |
---------------+----+-----
Stealth        | 3 |  3.8
Fighting       | |  3.5
Short Blades   | |  3.6
Dodging        | |  3.5

Action                   |  1- 3 |  4- 6 || total
-------------------------+-------+-------++-------
Melee: Short sword       |    77 |     9 ||    86
       Constrict         |    17 |     1 ||    18
       Tentacles         |    11 |     2 ||    13
  Use: Scroll            |     2 |       ||     2
       Potion            |       |     1 ||     1
 Stab: Sleeping          |    12 |     2 ||    14
Armor: Skin              |     6 |       ||     6
Dodge: Dodged            |    38 |     7 ||    45
